 Dungeon Crawl Stone Soup version 0.32-a0-128-g77eb882913 (webtiles) character file.

Game seed: 14588594833324531488

18 zeratav the Trooper (level 2, 0/31 HPs)
             Began as an Oni Warper on Feb 8, 2024.
             Succumbed to an adder's poison
             ... on level 2 of the Dungeon.
             The game lasted 00:01:27 (894 turns).

zeratav the Trooper (Oni Warper)                     Turns: 894, Time: 00:01:27

Health: 0/31       AC:  3    Str: 14    XL:     2   Next: 70%
Magic:  3/5        EV:  9    Int: 14    God:
Gold:   54         SH:  0    Dex:  8    Spells: 3/5 levels left

rFire   . . .        a - +0 mace {mace}
rCold   . . .        (no shield)
rNeg    . . .        b - +0 robe
rPois   .            (helmet restricted)
rElec   .            (no cloak)
rCorr   .            (gloves unavailable)
SInv    .            (boots unavailable)
Will    .....        (no amulet)
Stlth   +            (no ring)
HPRegen 0.25/turn    (no ring)
MPRegen 0.09/turn

%: no passive effects
@: lethally poisoned (0 -> -4), on blink cooldown, hasted, very quick
A: large, unfitting armour, horns 1, tough skin 1, double potion healing,
drunken brawling
a: no special abilities


You were on level 2 of the Dungeon.
You visited 1 branch of the dungeon, and saw 2 of its levels.

You collected 54 gold pieces.


Innate Abilities, Weirdness & Mutations

You are too large for most types of armour.
You have a pair of small horns on your head.
You have tough skin. (AC +1)
You gain doubled healing and magic from potions.
Whenever you drink a healing potion, you attack all around you.


   Skills:
 + Level 3.5 Fighting
 + Level 2.6 Maces & Flails
 - Level 1.0 Throwing
 - Level 2.1 Dodging
 - Level 2.4 Spellcasting
 - Level 2.6 Translocations


You had 3 spell levels left.
You knew the following spells:

 Your Spells              Type           Power      Damage    Failure   Level
a - Blink                 Tloc           18%        N/A       12%         2

Your spell library contained the following spells:

 Spells                   Type           Power      Damage    Failure   Level
 Lesser Beckoning         Tloc           18%        N/A       12%         2
 Freeze                   Ice            4%         1d3       22%         1
 Teleport Other           Tloc           9%         N/A       22%         3
 Frozen Ramparts          Ice            2%         1d1       56%         3
 Hailstorm                Conj/Ice       1%         3d5       56%         3
 Manifold Assault         Tloc           9%         N/A       58%         4
 Vhi's Electric Charge    Tloc/Air       10%        N/A       78%         4

Inventory:

Hand Weapons
 a - a +0 mace (weapon) {mace}
Missiles
 d - 7 darts of dispersal (quivered) {=fthrowing}
Armour
 b - a +0 robe (worn)
Scrolls
 c - a scroll of blinking {!r}
 g - a scroll of revelation {unknown}
 h - 2 scrolls of teleportation {unknown}
 j - a scroll of amnesia {unknown}
 m - a scroll of vulnerability {unknown}
Potions
 e - a potion of curing {unknown}
 f - a potion of ambrosia {unknown}
 i - a potion of attraction {unknown}
 k - a potion of haste {@q3}
 l - a potion of lignification {unknown}

Dungeon Overview and Level Annotations

Branches:
Dungeon (2/15) Zot: 11097

Altars:
Wu Jian

#. #.#...<.#
#.#
#.#.#...#
...#.#[....#
#.#.#..#[.##
#...#......#
##...######
#".........!
#...JS######
#.._.@#
#.!...#
#.....#
####..# #..#
##.. #.. ##.


You could see an adder and an endoplasm.


Message History

No target in view!
No target in view!
No target in view!
No target in view!
No target in view!
Done exploring.
There is a stone staircase leading down here.
You climb downwards.
Found a dagger, a ring mail, a leather armour and 10 gold pieces.
Found an escape hatch in the ceiling.
Found a stone staircase leading down and a stone staircase leading up.
There is a stone staircase leading up here.
An endoplasm is nearby!
An endoplasm is nearby!
There is a stone staircase leading down here.
You completely miss the endoplasm. You headbutt the endoplasm.
The endoplasm freezes you.
You are frozen.
HP[-5]
You take 5 damage, and now have 26/31 hp.
You hit the endoplasm.
You kill the endoplasm!
No target in view!
No target in view!
No target in view!
No target in view!
No target in view!
No target in view!
No target in view!
No target in view!
No target in view!
No target in view!
No target in view!
No target in view!
No target in view!
No target in view!
Found an ornate altar of the Wu Jian Council.
HP[+5]
Your hp is fully restored (31).
You now have 54 gold pieces (gained 10).
An endoplasm comes into view.
An endoplasm is nearby!
An endoplasm is nearby!
An adder comes into view.
The endoplasm quivers.
The adder hisses angrily.
The adder bites you.
You are poisoned.
The adder poisons you!
HP[-3]
You take 3 damage, and now have 28/31 hp.
You miss the adder. Your headbutt misses the adder.
You feel sick. The adder bites you.
You are more poisoned.
The adder poisons you! The endoplasm freezes you.
You are frozen.
HP[-9]
You take 9 damage, and now have 19/31 hp.
MASSIVE DAMAGE!! (PAUSE)
You feel sick. The adder attacks as it pursues you!
The adder bites you but does no damage.
HP[-1]
You take 1 damage, and now have 18/31 hp.
Casting: Blink (safe; 12% risk of failure)
Confirm with . or Enter, or press ? or * to list all spells.
You blink.
You feel sick.
HP[-2] MP[-2]
You take 2 damage, and now have 16/31 hp.
You lost 2 mp, and now have 3/5 mp.
You hit the adder.
You feel sick. The adder bites you but does no damage.
HP[-2]
You take 2 damage, and now have 14/31 hp.
You hit the adder but do no damage.
You feel sick. The adder bites you.
* * * LOW HITPOINT WARNING * * *
The adder bites you.
* * * LOW HITPOINT WARNING * * *
The endoplasm freezes you.
You are frozen.
* * * LOW HITPOINT WARNING * * *
HP[-9]
You take 9 damage, and now have 5/31 hp.
MASSIVE DAMAGE!! (PAUSE)
You hit the adder.
You feel sick. The adder barely misses you. The endoplasm freezes you.
You are frozen.
* * * LOW HITPOINT WARNING * * *
HP[-1]
You take 1 damage, and now have 4/31 hp.
You barely miss the adder. Your headbutt misses the adder.
You feel sick. The adder bites you.
* * * LOW HITPOINT WARNING * * *
You are more poisoned.
The adder poisons you! The adder barely misses you.
The endoplasm closely misses you.
HP[-3]
You take 3 damage, and now have 1/31 hp.
It was a potion of haste.
You feel yourself speed up.
You die...

Skill      XL: |  1 |
---------------+----+-----
Fighting       | 3 |  3.5
Maces & Flails | |  2.6
Throwing       | |  1.0
Dodging        | |  2.1
Spellcasting   | |  2.4
Translocations | |  2.6

Action                     || total
---------------------------++-------
  Melee: Mace              ||    34
         Headbutt          ||     4
   Cast: Blink             ||     1
    Use: Potion            ||     1
 Armour: Robe              ||    28
  Dodge: Dodged            ||    18

Levels and vault maps discovered:
D:1:      onia_arrival_zoo_common, layout_basic, minmay_tiny_reverse_x
D:2:      layout_basic, basic_altar, nicolae_nh_oracle_at_delphi

Notes
Turn   | Place    | Note
-------+----------+-------------------------------------------
     0 | D:1      | zeratav the Oni Warper began the quest for the Orb.
     0 | D:1      | Reached XP level 1. HP: 22/22 MP: 3/3
     0 | D:1      | magus.rc [v1.9.6]
     6 | D:1      | Noticed a komodo dragon
     6 | D:1      | Noticed a rime drake
     6 | D:1      | Noticed a hog
     7 | D:1      | Noticed a killer bee
     7 | D:1      | Noticed a brain worm
   137 | D:1      | Reached skill level 3 in Fighting
   174 | D:1      | Reached XP level 2. HP: 9/31 MP: 5/5
   270 | D:1      | Learned a level 2 spell: Blink
   389 | D:1      | You pick up a book of Frost and begin reading...
   389 | D:1      | You add the spells Freeze, Frozen Ramparts and Hailstorm to
                  | your library.
   880 | D:2      | Found an ornate altar of the Wu Jian Council.
   891 | D:2      | HP: 5/31 [frozen (4)]
   893 | D:2      | HP: 1/31 [adder (2)]
   894 | D:2      | Succumbed to an adder's poison

Vanquished Creatures
  2 ball pythons (D:1)
  2 endoplasms
  3 giant cockroaches (D:1)
  2 goblins (D:1)
  4 hobgoblins (D:1)
  A kobold (D:1)
14 creatures vanquished.

Table legend:
 A = Non-vault XP
 B = Vault XP
 C = Vault XP percentage of total XP
 D = Non-vault monster count
 E = Vault monster count
 F = Vault count percentage of total count
                 A         B        C        D         E       F
            +---------+---------+-------+---------+---------+-------
      Total |      24 |       3 |  11.1 |      12 |       2 |  14.3
            +---------+---------+-------+---------+---------+-------
        D:1 |      22 |       3 |  12.0 |      11 |       2 |  15.4
        D:2 |       2 |       0 |   0.0 |       1 |       0 |   0.0
            +---------+---------+-------+---------+---------+-------

Skill      XL: |  1 |
---------------+----+-----
Fighting       | 3 |  3.5
Maces & Flails | |  2.6
Throwing       | |  1.0
Dodging        | |  2.1
Spellcasting   | |  2.4
Translocations | |  2.6

Action                     || total
---------------------------++-------
  Melee: Mace              ||    34
         Headbutt          ||     4
   Cast: Blink             ||     1
    Use: Potion            ||     1
 Armour: Robe              ||    28
  Dodge: Dodged            ||    18

Illustrated notes

Table legend:
 A = Kills in this place as a percentage of kills in the entire game.
 B = Kills by you in this place as a percentage of kills by you in the entire game.
 C = Kills by friends in this place as a percentage of kills by friends in the entire game.
 D = Other kills in this place as a percentage of other kills in the entire game.
 E = Experience gained in this place as a percentage of experience gained in the entire game.
 F = Experience gained in this place divided by the number of levels of this place that you have seen.
                   A       B       C       D       E      F
               +-------+-------+-------+-------+-------+----------------------
         Total | 100.0 | 100.0 |   N/A |   N/A | 100.0 |  13.5
       Dungeon | 100.0 | 100.0 |   N/A |   N/A | 100.0 |  13.5
               +-------+-------+-------+-------+-------+----------------------

Table legend: (Time is in decaauts)
 A = Elapsed time spent in this place.
 B = Non-inter-level travel time spent in this place.
 C = Inter-level travel time spent in this place.
 D = Time resting spent in this place.
 E = Time spent auto-exploring this place.
 F = Levels seen in this place.
 G = Mean time per level.
                   A        B        C        D        E       F      G
               +--------+--------+--------+--------+--------+-----+--------+
         Total |    903 |    880 |     23 |     86 |    696 |   2 |  451.5 |
       Dungeon |    903 |    880 |     23 |     86 |    696 |   2 |  451.5 |
               +--------+--------+--------+--------+--------+-----+--------+

Top non-repeatable levels by time:
     D:1: 864 daAuts
     D:2: 38 daAuts
